[Event "ICC tourney 1984 (45 10)"]
[Site "Internet Chess Club"]
[Date "2020.08.29"]
[Round "5"]
[White "rjc64uk"]
[Black "funplaychess"]
[Result "0-1"]
[ICCResult "White checkmated"]
[WhiteElo "2114"]
[BlackElo "2354"]
[Opening "Sicilian: Najdorf"]
[ECO "B90"]
[NIC "SI.14"]
[Time "21:01:15"]
[TimeControl "2700+10"]

1. e4 c5 2. Nf3 d6 3. d4 cxd4 4. Nxd4 Nf6 5. Nc3 a6 6. a4 e5 7. Nb3 Be7 8.
Be2 O-O 9. O-O Be6 10. Be3 Nc6 11. f3 Nb4 12. Qd2 Rc8 13. Bd1 d5 14. exd5
Nfxd5 15. Nxd5 Nxd5 16. Bf2 Qc7 17. a5 Rfd8 18. Qe1 f6 19. c3 Qc6 20. Nd2
Nf4 21. Ba4 Qc7 22. Bb6 Bc5+ 23. Bxc5 Qxc5+ 24. Kh1 Rc7 25. Bc2 Rcd7 26. Ne4
Qc7 27. Qg3 Kf8 28. Qh4 Bg8 29. g4 h6 30. Ba4 Rd5 31. Nxf6 Qe7 32. g5 gxf6
33. gxf6 Qh7 34. Rg1 Rd2 35. Rg7 Qd3 36. Qxh6 Qxf3+ 37. Rg2+ Kf7 38. Qg7+
Ke6 39. Bb3+ Kf5 40. Qg5+ Ke4 41. Re1+ Kd3 42. Qg3 e4 43. Qxf3+ exf3 44.
Rxg8 Rxg8 45. Bxg8 Rg2 46. f7 Nh3 47. Rf1 Rg1+ 48. Rxg1 Nf2# {White
checkmated} 0-1

[Event "ICC tourney 1984 (45 10)"]
[Site "Internet Chess Club"]
[Date "2020.08.29"]
[Round "5"]
[White "espark"]
[Black "MrNormalName"]
[Result "1-0"]
[ICCResult "Black checkmated"]
[WhiteElo "2312"]
[BlackElo "2183"]
[Opening "Ruy Lopez: Berlin defense"]
[ECO "C65"]
[NIC "RL.07"]
[Time "21:01:58"]
[TimeControl "2700+10"]

1. e4 e5 2. Nf3 Nc6 3. Bb5 Nf6 4. d3 Bc5 5. c3 O-O 6. O-O d6 7. Nbd2 Ne7 8.
Re1 c6 9. Ba4 Ng6 10. Nf1 Re8 11. Ng3 Bb6 12. h3 d5 13. Bg5 Be6 14. Nh5 dxe4
15. Bxf6 gxf6 16. dxe4 f5 17. exf5 Bxf5 18. Qc1 Qe7 19. Qh6 f6 20. Bb3+ Kh8
21. g4 Bd3 22. Rad1 Rad8 23. g5 fxg5 24. Qxg5 Rf8 25. Qxe7 Nxe7 26. Kg2 e4
27. Ne5 Rxf2+ 28. Kh1 Nd5 29. Nxd3 exd3 30. Rxd3 Rf5 31. Ng3 Rff8 32. Bxd5
cxd5 33. Red1 Rf2 34. R1d2 Rxd2 35. Rxd2 d4 36. cxd4 Rxd4 37. Re2 Rd8 38.
Kg2 Rg8 39. Kf3 Rf8+ 40. Kg2 Bc5 41. Ne4 Rg8+ 42. Kf3 Rf8+ 43. Kg2 Rg8+ 44.
Kf3 Rf8+ 45. Kg4 Bd4 46. Ng5 Rg8 47. Re7 Rg7 48. Re8+ Rg8 49. Re7 Rg7 50.
Rxg7 Bxg7 51. b3 Kg8 52. Kf5 b5 53. Ne6 Bc3 54. Nc7 b4 55. Nb5 a6 56. Nc7 a5
57. Nd5 Bd4 58. Nf4 Kf7 59. Nd5 Bf2 60. Nc7 Bb6 61. Ne6 Bf2 62. Nd8+ Kg7 63.
Nc6 Bb6 64. Ne5 Kh6 65. Nf7+ Kh5 66. Ng5 Kh4 67. Nxh7 Kxh3 68. Ke4 Kg4 69.
Nf6+ Kg5 70. Nd7 Bd8 71. Kd5 Kf5 72. Nc5 Kf6 73. Nb7 Be7 74. Nxa5 Kf7 75.
Nc6 Bf8 76. Kc4 Ke6 77. Nxb4 Kd6 78. Nd5 Kc6 79. b4 Kb7 80. a4 Ka6 81. Nc7+
Kb6 82. Ne6 Be7 83. Nd4 Bf8 84. Nb3 Kc6 85. a5 Kb7 86. Nc5+ Ka8 87. b5 Bh6
88. b6 Bd2 89. Kb5 Be1 90. a6 Bg3 91. a7 Bf2 92. Ka6 Bxc5 93. b7#
{Black checkmated}
1-0

[Event "ICC tourney 1984 (45 10)"]
[Site "Internet Chess Club"]
[Date "2020.08.29"]
[Round "5"]
[White "xyzchessdude"]
[Black "canary2016"]
[Result "1/2-1/2"]
[ICCResult "Game drawn by mutual agreement"]
[WhiteElo "2050"]
[BlackElo "2000"]
[Opening "English: Caro-Kann defensive system"]
[ECO "A12"]
[NIC "QP.09"]
[Time "21:01:11"]
[TimeControl "2700+10"]

1. Nf3 d5 2. c4 c6 3. b3 Bf5 4. Bb2 e6 5. g3 Nf6 6. Bg2 Be7 7. O-O O-O 8. d3
Nbd7 9. Nbd2 Rc8 10. Rc1 h6 11. Rc2 Qb6 12. Qa1 Rfe8 13. h3 Bd6 14. Ne5 Nxe5
15. Bxe5 Bxe5 16. Qxe5 Nd7 17. Qd6 Nf6 18. g4 Bh7 19. Qg3 Qc7 20. Qxc7 Rxc7
21. Rfc1 Rce7 22. Rc3 Nd7 23. f4 Nb8 24. d4 Na6 25. a3 Rd7 26. e3 Red8 27.
b4 Nc7 28. Kf2 Kf8 29. a4 Na6 30. Rb3 Nc7 31. c5 a6 32. Bf1 Ra8 33. Rb2 Re7
34. Rc3 Bg6 35. Rcb3 Bh7 36. b5 axb5 37. axb5 cxb5 38. Bxb5 Nxb5 39. Rxb5
Ra7 40. Rb6 Ke8 41. Nb3 Rc7 42. Ke2 Kd7 43. Rb5 Kc8 44. Na5 Be4 45. h4 Bg6
46. Kd2 f6 47. Nb3 Rc6 48. Na5 Rc7 49. R2b3 Be8 50. c6 bxc6 51. Rb8+ Kd7 52.
Nb7 Bf7 53. Nc5+ Ke7 54. Kc3 Ra1 55. R3b7 Ra7 56. Kb4 Raxb7+ 57. Rxb7 Rxb7+
58. Nxb7 Kd7 59. Kc5 h5 60. g5 fxg5 61. fxg5 Bg6 62. Na5 Be4 63. Nxc6 g6 64.
Ne5+ Ke7 65. Kc6 Bf5 66. Kc7 Be4 67. Nc6+ Ke8 68. Kd6 Bf5 69. Na5 Kf7 70.
Nb7 Ke8 71. Nc5 Kf7 72. Nb7 Ke8 73. Ke5 Ke7 74. Nd6 Bg4 75. e4 dxe4 76. Nxe4
Bf5 77. Nf6 Bc2 78. d5 exd5 79. Nxd5+ Kf7 80. Nf4 Bf5 81. Kd6 Be4 82. Ne6
Bf5 83. Nd8+ Ke8 84. Ne6 Kf7 85. Nd4 Be4 86. Ke5 Bb1 87. Ne6 Bf5 88. Nd4 Bb1
89. Kd6 Be4 90. Kd7 Bd3 91. Kd6 Be4 92. Ke5 {Game drawn by mutual agreement}
1/2-1/2